woodfighter, chaotic female elven Rogue | ---- --- .| --..| ..G....-- - |...--- q............| ---..).@qq.....G......- |....------- ---- - --.| |.| |.| |.---- |..|.--- |......| ---....| --<--- --- woodfighter the Cutpurse Experience level: 4 Strength: 15 Dexterity: 17 Constitution: 15 Intelligence: 12 Wisdom: 10 Charisma: 10 Health: 0(24) Energy: 25(25) Def: 3 Gold: 0 Moves: 2348 Dungeon seed: nNHimtBezn5eWXTG Game ID: woodfighter_1515962098 Your Inventory: Weapons a - a +0 elven short sword (weapon in hand) b - 12 +0 elven daggers (in quiver) p - a +0 elven dagger Armor e - an uncursed +1 leather armor (being worn) n - a cursed -1 Hawaiian shirt q - an uncursed +0 cloak of invisibility r - an uncursed +0 orcish helm Comestibles i - an uncursed egg k - an uncursed food ration l - an uncursed lichen corpse L - an uncursed fortune cookie Wands h - a wand of opening (0:3) Tools g - an uncursed blindfold s - an uncursed sack y - an uncursed lock pick Contents of the sack: 845 gold pieces 4 [uncursed] scrolls of blank paper a [uncursed] scroll of enchant armor a [uncursed] scroll of enchant weapon a [uncursed] scroll of gold detection a [uncursed] scroll of remove curse 3 [uncursed] scrolls of scare monster a [uncursed] scroll of water an uncursed potion of sickness a [uncursed] ring of cold resistance a [uncursed] ring of warning Spells and supernatural/magical abilities: Name Level Category Fail Memory W - pray for help -- divine ? -- Your skills at the end: Miscellaneous Skills wands [Basic] Weapon Skills dagger [Basic] short sword [Basic] Spellcasting Skills Final Attributes: You were piously aligned. You were sleep resistant. You had infravision. You were very stealthy. You are dead. Vanquished creatures: a rock piercer a gnome lord a paper golem a kitten a dwarf a rothe a jitterbug a coyote 2 hobbits 4 geckos a hobgoblin a giant rat 2 yellow molds 5 jackals 2 kobolds a newt 2 goblins a sewer rat 7 grid bugs 3 lichens 39 creatures vanquished. Voluntary challenges: You did not adorn yourself with jewelry or accessories. You did not cause conflict. You were not invisible. You did not have reflection. You were not displaced. You were an atheist. You used a wielded weapon 59 times, starting on turn 47. You did not apply a unicorn horn. You did not use plumbed fixtures. You did not drink any magical draughts. You were illiterate. You never genocided any monsters. You never polymorphed an object. You never changed form. You used no wishes. You never split a pudding. You never wrote Elbereth's name. You never violated your personal moral code. Dungeon overview: The Dungeons of Doom: levels 1 to 6 Level 1 a long staircase Level 2 Level 3 a sink Level 4 (vault) a fountain stairs to The Gnomish Mines Level 5 (deadly orcs below) Level 6 The Gnomish Mines: Level 5 <- You were here stairs to The Dungeons of Doom History has recorded: On T:1 you entered the Dungeons of Doom to retrieve the Amulet of Yendor! On T:43 you reached level 2 of The Dungeons of Doom. On T:494 you reached level 3 of The Dungeons of Doom. On T:616 you advanced to experience level 2. On T:950 you advanced to experience level 3. On T:992 you reached level 4 of The Dungeons of Doom. On T:1403 you advanced to experience level 4. On T:1416 you reached level 1 of The Gnomish Mines. On T:1452 you reached level 5 of The Dungeons of Doom. On T:1694 you reached level 6 of The Dungeons of Doom. Score breakdown: Gold: 845 ( 84 points) Experience: 4 levels ( 300 points) Exploration: 6 levels ( 150 points) Discoveries: 12 items ( 600 points) Variety of kills: 20 monsters ( 1000 points) Major goal: (nothing yet) ( 0 points) Survival: died (score multiplied by 3) Total score: 6402 Latest messages: Never mind. Where do you want to travel to? You named this level: vault. Where do you want to travel to? You stop exploring. You stab the gnome lord! The gnome lord punches you! You stab the gnome lord! The gnome lord just misses! You stab the gnome lord. You kill the gnome lord! There are a few objects here. The dwarf wields a dagger! You stab the dwarf. (2x) The dwarf thrusts his dagger at you. The dwarf stabs you! You stab the dwarf. You kill the dwarf! You stab the rothe! You kill the rothe! You stab the rothe. The rothe claws you! The rothe bites! (2x) You die... Final status: Goodbye woodfighter the Rogue, killed by a rothe... You died in The Gnomish Mines on dungeon level 5 with 6402 points, and 845 pieces of gold, after 2348 moves. You were level 4 with a maximum of 24 hit points when you died.